 Dungeon Crawl Stone Soup version 0.27-a0-1105-g946c659c87 (webtiles) character file.

Game seed: 14607013409248487887

6891 lorenzova the Thaumaturge (level 10, -2/50 HPs)
             Began as a Deep Elf Conjurer on Apr 29, 2021.
             Was a Priest of Vehumet.
             Succumbed to a queen bee's poison
             ... on level 9 of the Dungeon.
             The game lasted 00:22:24 (10990 turns).

lorenzova the Thaumaturge (Deep Elf Conjurer)      Turns: 10990, Time: 00:22:25

Health: -2/50      AC:  6    Str: 10    XL:     10   Next: 79%
Magic:  22/29      EV: 12    Int: 27    God:    Vehumet [***...]
Gold:   531        SH:  4    Dex: 15    Spells: 25/36 levels left

rFire    . . .     SeeInvis .   m - +1 dagger (venom)
rCold    . . .     Faith    .   (no shield)
rNeg     . . .     Spirit   .   e - +2 robe {Will+}
rPois    .         Reflect  .   (helmet restricted)
rElec    .         Harm     .   (no cloak)
rCorr    .         Rampage  .   b - +1 pair of gloves
Will     ++...                  (no boots)
Stlth    ++........             z - amulet of regeneration
HPRegen  1.16/turn              w - +6 ring of strength
MPRegen  0.21/turn              (no ring)

@: lethally poisoned (-2 -> -33), studying Maces & Flails
A: horns 1, large bone plates 1, agile 1
a: Renounce Religion


You were on level 9 of the Dungeon.
You worshipped Vehumet.
Vehumet was most pleased with you.
You visited 2 branches of the dungeon, and saw 10 of its levels.
You also visited: Ossuary.

You collected 531 gold pieces.

Inventory:

Hand Weapons
 m - a +1 dagger of venom (weapon)
Armour
 b - a +1 pair of gloves (worn)
 e - a +2 robe of willpower (worn)
 v - the +4 ring mail "Qynkeuq" {rCorr}
   (You found it on level 6 of the Dungeon)

   It protects you from acid and corrosion.
Jewellery
 w - a +6 ring of strength (left hand)
 z - an amulet of regeneration (around neck)
Wands
 a - a wand of mindburst (15)
 s - a wand of flame (26)
 F - a wand of paralysis (13)
Scrolls
 c - a scroll of enchant armour
 f - a scroll of vulnerability
 h - 2 scrolls of amnesia
 i - 2 scrolls of summoning {unknown}
 k - 7 scrolls of identify {unknown}
 l - a scroll of acquirement {unknown}
 q - a scroll of magic mapping
 r - a scroll of blinking {unknown}
 u - 2 scrolls of immolation {unknown}
 y - a scroll of brand weapon {unknown}
 B - a scroll of enchant weapon {unknown}
 C - 4 scrolls of teleportation {unknown}
Potions
 d - a potion of mutation
 g - 6 potions of heal wounds
 j - 2 potions of flight
 n - 2 potions of cancellation {unknown}
 o - 2 potions of invisibility
 p - a potion of magic
 t - 3 potions of lignification {unknown}
 x - 4 potions of ambrosia
 A - 2 potions of attraction {unknown}
 D - 2 potions of curing {unknown}
 E - a potion of might {unknown}


   Skills:
 - Level 2.4 Dodging
 - Level 2.4 Stealth
 * Level 13.7 Spellcasting
 * Level 12.2 Conjurations
 + Level 6.0 Hexes
 + Level 5.0 Translocations


You had 25 spell levels left.
You knew the following spells:

 Your Spells              Type           Power      Damage    Failure   Level
a - Magic Dart            Conj           100%       1d8       0%          1
b - Searing Ray           Conj           100%       3d7       1%          2
c - Iskenderun's Mystic   Conj/Tloc      60%        2d13      1%          4
d - Fulminant Prism       Conj/Hex       30%        3d16      1%          4

Your spell library contained the following spells:

 Spells                   Type           Power      Damage    Failure   Level
 Mephitic Cloud           Conj/Pois/Air  40%        N/A       1%          3
 Dazzling Flash           Conj/Hex       100%       N/A       1%          3


Dungeon Overview and Level Annotations

Branches:
Dungeon (9/15)             Temple (1/1) D:6         Ossuary (visited)
   Lair: D:8-11         Orc: D:9-12

Altars:
Ashenzari
Kikubaaqudgha
Makhleb
Qazlal
Ru
Sif Muna
Vehumet

Shops:
D:1 *   D:4 =   D:7 *


Innate Abilities, Weirdness & Mutations

You have a pair of small horns on your head.
You are partially covered in large bone plates. (SH +4)
You are agile. (Dex +2)


Message History

Aiming: Searing Ray (safe; 1% risk of failure)
Press: ? - help, Shift-Dir - straight line, f - queen bee
Aim: a queen bee (heavily wounded, 83% to hit)
The searing ray hits the queen bee!
The queen bee is almost dead.
The searing ray hits the killer bee!
You kill the killer bee!
Vehumet accepts your kill.
You feel your power returning.
The searing ray misses the killer bee.
The searing ray hits the killer bee!
You kill the killer bee!
Vehumet accepts your kill.
You feel your power returning. (Press . to maintain the ray.)
You feel sick. The queen bee stings you!
You are more poisoned.
The queen bee poisons you!
A killer bee comes into view.
Your Translocations skill increases to level 5!
The searing ray misses the queen bee.
The searing ray hits the killer bee!
You kill the killer bee!
Vehumet accepts your kill.
The searing ray hits the killer bee.
The killer bee is heavily wounded.
The searing ray misses the orc wizard.
You feel very sick. The queen bee stings you!
* * * LOW HITPOINT WARNING * * *
You are more poisoned.
The queen bee poisons you!
Your Hexes skill increases to level 6!
The searing ray hits the queen bee.
The queen bee is almost dead.
The searing ray hits the killer bee!
The killer bee is severely wounded.
The searing ray hits the killer bee!
You kill the killer bee!
Vehumet accepts your kill.
You feel your power returning.
You die...

###'##### #.# #.#
##'##### ### #......#
.†.y ####......#
..... ###..'......#
.....o###...##..)...#
....†)yy@.####...(..#
...!oy##### #......#
†.... #......# ....
#......# †o. #......#
oo #......# #


You could see a queen bee, 2 killer bees, an orc wizard and an orc.

Vanquished Creatures
  3 two-headed ogres (D:8)
  Maggie (D:8)
  Sigmund (D:2)
  A wyvern (D:9)
  Eustachio (D:6)
  Menkaure (D:6)
  6 black bears
  2 necrophages
  An orc warrior (D:6)
  An ogre (D:7)
  2 centaurs
  A phantom (D:5)
  An elf zombie (Ossuary)
  3 bullfrogs (D:8)
  A kobold brigand (D:8)
  2 wyvern zombies
  4 scorpions
  2 wyvern skeletons (D:7)
  4 wights (D:8)
  19 killer bees (D:9)
  2 howler monkeys
  2 bullfrog zombies
  A centaur zombie (D:8)
  2 hounds
  5 orc priests
  A jelly (D:6)
  A centaur skeleton (D:7)
  A gnoll shaman (D:6)
  2 human zombies (Ossuary)
  Jessica (D:2)
  Ijyb (D:5)
  An orc wizard (D:6)
  4 iguanas
  A scorpion zombie (D:5)
  A killer bee zombie (D:7)
  2 hound zombies (Ossuary)
  2 hound skeletons (D:4)
  4 mummies (Ossuary)
  4 howler monkey zombies
  10 gnolls
  7 adders
  4 shadow imps
  4 white imps
  2 ufetubi
  An adder zombie (Ossuary)
  3 worms
  4 dart slugs
  24 orcs
  8 ball pythons
  4 bats
  4 endoplasms
  7 giant cockroaches
  8 goblins
  6 hobgoblins
  10 jackals
  4 quokkas
  A frilled lizard (D:2)
  A gnoll zombie (Ossuary)
  A goblin zombie (Ossuary)
  15 kobolds
  2 orc zombies (Ossuary)
  A quokka zombie (D:7)
  4 rats
  3 rat zombies
233 creatures vanquished.

Vanquished Creatures (others)
  22 fulminant prisms
  4 fungi (D:3)
  22 plants
48 creatures vanquished.

Grand Total: 281 creatures vanquished

Notes
Turn   | Place    | Note
-------+----------+-------------------------------------------
     0 | D:1      | lorenzova the Deep Elf Conjurer began the quest for the
                  | Orb.
     0 | D:1      | Reached XP level 1. HP: 10/10 MP: 6/6
   206 | D:1      | Reached XP level 2. HP: 15/15 MP: 2/8
   279 | D:1      | Learned a level 2 spell: Searing Ray
   286 | D:1      | Found Cunen's Assorted Antiques.
   754 | D:1      | You fall into a shaft and drop 1 floor!
   758 | D:2      | Reached skill level 4 in Spellcasting
   821 | D:2      | Reached skill level 5 in Conjurations
   839 | D:2      | Noticed Sigmund
   853 | D:2      | Killed Sigmund
   854 | D:2      | Reached skill level 5 in Spellcasting
   854 | D:2      | Reached XP level 3. HP: 3/19 MP: 0/12
   854 | D:2      | Reached XP level 4. HP: 4/24 MP: 0/13
   854 | D:2      | Reached XP level 5. HP: 4/28 MP: 0/15
  1154 | D:2      | Reached skill level 6 in Spellcasting
  2004 | D:2      | Noticed Jessica
  2006 | D:2      | Killed Jessica
  2007 | D:2      | Reached XP level 6. HP: 32/32 MP: 13/17
  2864 | D:3      | Reached skill level 7 in Spellcasting
  3051 | D:3      | Found a faded altar of an unknown god.
  3476 | D:3      | You fall into a shaft and drop 1 floor!
  3584 | D:4      | Reached XP level 7. HP: 36/36 MP: 8/19
  4239 | D:4      | Reached skill level 8 in Spellcasting
  4502 | D:4      | Found Icaeqe Xaodd's Jewellery Boutique.
  5639 | D:5      | Entered Level 5 of the Dungeon
  5642 | D:5      | Reached skill level 9 in Spellcasting
  5644 | D:5      | Reached XP level 8. HP: 41/41 MP: 17/23
  5784 | D:5      | Found an ancient bone altar of Kikubaaqudgha.
  5963 | D:5      | Noticed Ijyb
  5970 | D:5      | Killed Ijyb
  6578 | D:5      | Reached skill level 10 in Spellcasting
  6716 | D:6      | Noticed Menkaure
  6722 | D:6      | Killed Menkaure
  6914 | D:6      | Found a staircase to the Ecumenical Temple.
  7317 | Temple   | Entered the Ecumenical Temple
  7396 | Temple   | Became a worshipper of Vehumet
  7446 | D:6      | Noticed Eustachio
  7459 | D:6      | Reached skill level 10 in Conjurations
  7463 | D:6      | Reached skill level 11 in Spellcasting
  7653 | D:6      | Killed Eustachio
  7654 | D:6      | Reached XP level 9. HP: 45/45 MP: 18/26
  7703 | D:6      | Learned a level 4 spell: Iskenderun's Mystic Blast
  7708 | D:6      | Learned a level 4 spell: Fulminant Prism
  7728 | D:6      | Identified the +4 ring mail "Qynkeuq" {rCorr}
  8011 | D:6      | Reached skill level 1 in Hexes
  8014 | D:6      | Reached skill level 1 in Translocations
  8353 | D:7      | Found a sand-covered staircase.
  8392 | Ossuary  | Entered an ossuary
  8403 | Ossuary  | Reached * piety under Vehumet
  8403 | Ossuary  | Offered knowledge of Freeze by Vehumet.
  8410 | Ossuary  | Gained mutation: You are agile. (Dex +2) [potion of
                  | mutation]
  8410 | Ossuary  | Gained mutation: You are partially covered in large bone
                  | plates. (SH +4) [potion of mutation]
  8410 | Ossuary  | Gained mutation: You have a pair of small horns on your
                  | head. [potion of mutation]
  8989 | D:7      | Found Rizxeism's Assorted Antiques.
  9065 | D:7      | Reached skill level 12 in Spellcasting
  9408 | D:8      | Noticed Maggie
  9426 | D:8      | Killed Maggie
  9436 | D:8      | Reached ** piety under Vehumet
  9436 | D:8      | Offered knowledge of Static Discharge by Vehumet.
  9602 | D:8      | Noticed a two-headed ogre
  9615 | D:8      | Killed a two-headed ogre
  9616 | D:8      | Reached XP level 10. HP: 50/50 MP: 14/28
  9728 | D:8      | Noticed a two-headed ogre
  9738 | D:8      | Killed a two-headed ogre
  9739 | D:8      | Reached skill level 13 in Spellcasting
 10065 | D:8      | Reached skill level 5 in Hexes
 10320 | D:8      | Noticed a two-headed ogre
 10334 | D:8      | Killed a two-headed ogre
 10981 | D:9      | Offered knowledge of Mephitic Cloud by Vehumet.
 10987 | D:9      | Reached *** piety under Vehumet
 10989 | D:9      | Reached skill level 5 in Translocations
 10990 | D:9      | Succumbed to a queen bee's poison

Illustrated notes

Levels and vault maps discovered:
D:1:      matt_arrival_spirals, layout_loops_ring, serial_glass,
          glass_columns_c, glass_columns_a, feat_on_display, item_on_display_a,
          minmay_strange_pillars, serial_shops, nicolae_shop_stone,
          minmay_misc_feat_rugged, hangedman_decor_slide_cut
D:2:      wander_river, layout_basic, serial_bayou_lagoon_b, uniq_sigmund,
          uniq_jessica
D:3:      layout_loops_ring, shapermc_ecumenical_altar_mp_urbaneastern,
          chequers_serial_rivers_large_a
D:4:      layout_layer_cave, serial_shops, shop, minmay_manual_maat
D:5:      layout_basic, kennysheep_little_box, uniq_ijyb
D:6:      layout_cave_pools, temple_pool_b, uniq_menkaure, uniq_eustachio
D:7:      layout_rooms, serial_glass, glass_columns_a, glass_columns_b,
          glass_columns_b, glass_columns_b, glass_columns_b, glass_columns_b,
          feat_on_display, due_unseen_surprise, feat_on_display,
          minmay_strange_pillars, enter_ossuary_4, serial_shops, shop
D:8:      layout_basic, uniq_maggie
D:9:      layout_roguey [special_room_bee], david_orc_5, serial_shops, shop,
          chequers_serial_rivers_micro_c, minmay_misc_feat_nine_boxes
Temple:   roderic_octagonal_lattice_temple

Skill      XL: |  1  2  3  4  5  6  7  8  9 10 |
---------------+-------------------------------+-----
Spellcasting   | 5 6 7 9 11 12 13 | 13.7
Conjurations   | 6 7 8 10 11 12 | 12.2
Hexes          | 4 6 |  6.0
Translocations | 3 5 |  5.0
Dodging        | |  2.4
Stealth        | |  2.4

Action                   |  1- 3 |  4- 6 |  7- 9 | 10-12 || total
-------------------------+-------+-------+-------+-------++-------
 Cast: Magic Dart        |    38 |    92 |   155 |    19 ||   304
       Searing Ray       |     3 |    11 |    50 |    16 ||    80
       Fulminant Prism   |       |       |    16 |     6 ||    22
       Iskenderun's Myst |       |       |     8 |     3 ||    11
  Use: Scroll            |       |       |     4 |       ||     4
       Potion            |       |       |     4 |       ||     4
Armor: Robe              |     1 |     2 |    18 |     4 ||    25
Dodge: Dodged            |    15 |     2 |    36 |    11 ||    64
Block: Other             |       |       |     1 |     4 ||     5

Table legend: (Time is in decaauts)
 A = Elapsed time spent in this place.
 B = Non-inter-level travel time spent in this place.
 C = Inter-level travel time spent in this place.
 D = Time resting spent in this place.
 E = Time spent auto-exploring this place.
 F = Levels seen in this place.
 G = Mean time per level.
                   A        B        C        D        E       F      G
               +--------+--------+--------+--------+--------+-----+--------+
         Total |  11049 |  10837 |    212 |   4013 |   5551 |  11 | 1004.5 |
       Dungeon |  10573 |  10377 |    196 |   3794 |   5407 |   9 | 1174.8 |
        Temple |     95 |     79 |     16 |      0 |     71 |   1 |   95.0 |
       Ossuary |    379 |    379 |      0 |    219 |     73 |   1 |  379.0 |
               +--------+--------+--------+--------+--------+-----+--------+

Top non-repeatable levels by time:
     D:4: 1890 daAuts
     D:8: 1598 daAuts
     D:1: 1412 daAuts
     D:5: 1355 daAuts
     D:2: 1282 daAuts
     D:6: 1167 daAuts
     D:3: 1108 daAuts
     D:7: 682 daAuts
 Ossuary: 379 daAuts
  Temple: 95 daAuts
     D:9: 75 daAuts
